 Dungeon Crawl Stone Soup version 0.31-a0-95-g6fa058ef04 (webtiles) character file.

Game seed: 3135567432056326279

4524 Sans23 the Nimble (level 10, -2/77 HPs)
             Began as a Human Wanderer on May 25, 2023.
             Was an Elder of Ashenzari.
             Slain by a hellwing (5 damage)
             ... summoned by a kobold demonologist
             ... on level 8 of the Dungeon.
             The game lasted 00:34:45 (7676 turns).

Sans23 the Nimble (Human Wanderer)                  Turns: 7676, Time: 00:34:46

Health: -2/77      AC: 13    Str: 14    XL:     10   Next: 66%
Magic:  14/14      EV: 21    Int: 14    God:    Ashenzari [****..]
Gold:   409        SH:  0    Dex: 20    Spells: 14/15 levels left

rFire   . . .        r - +3 short sword (venom)
rCold   . . .        (no shield)
rNeg    + . .        t - +5 robe of the Shackled Seer {SInv, Cun, Bglg} (curse)
rPois   .            h - +2 hat of the Prescient Loss {Cun, Self} (curse)
rElec   .            (no cloak)
rCorr   .            b - +1 pair of gloves "Sun of the Eternal Seer" {Alch, Elem} (curse)
SInv    +            f - +1 pair of boots of the Lashed Welkin {Cun, Alch} (curse)
Will    .....        (no amulet)
Stlth   +++++        k - ring of Ashenzari's Affliction {rN+, Cun, Comp} (curse)
HPRegen 0.32/turn    w - ring "Overhang to Understand" {Dex+6, Range, Evo} (curse)
MPRegen 0.14/turn

%: clarity
@: hasted, unable to read, very quick
A: inability to read after injury 2, MP-powered wands, noise suppression
a: Renounce Religion, Shatter the Chains


You were on level 8 of the Dungeon.
You worshipped Ashenzari.
Ashenzari was greatly pleased with you.
You visited 1 branch of the dungeon, and saw 8 of its levels.
You also visited: Sewer.

You collected 409 gold pieces.

Inventory:

Hand Weapons
 r - a +3 short sword of venom (weapon)
Armour
 b - the cursed +1 pair of gloves "Sun of the Eternal Seer" (worn) {Alch, Elem}

   It has a curse which improves the following skills: Alchemy: Poison Magic and
   Transmutations.
   Elements:  Fire Magic, Ice Magic, Air Magic and Earth Magic.
 f - the cursed +1 pair of boots of the Lashed Welkin (worn) {Cun, Alch}
   (You found it on level 2 of the Dungeon)

   It has a curse which improves the following skills: Cunning: Dodging and
   Stealth.
   Alchemy:   Poison Magic and Transmutations.
 h - the cursed +2 hat of the Prescient Loss (worn) {Cun, Self}
   (You found it on level 2 of the Dungeon)

   It has a curse which improves the following skills: Cunning: Dodging and
   Stealth.
   Introspection: Fighting and Spellcasting.
 q - a +2 robe of willpower
 s - a +3 scale mail
 t - the cursed +5 robe of the Shackled Seer (worn) {SInv, Cun, Bglg}
   (You found it on level 4 of the Dungeon)

   SInv:      It lets you see invisible.
   It has a curse which improves the following skills: Cunning: Dodging and
   Stealth.
   Beguiling: Conjurations, Hexes and Translocations.
Magical Staves
 A - a staff of conjuration
Jewellery
 k - the cursed ring of Ashenzari's Affliction (left hand) {rN+, Cun, Comp}
   (You found it on level 2 of the Dungeon)

   [ring of positive energy]

   rN:        It protects you from negative energy.
   It has a curse which improves the following skills: Cunning: Dodging and
   Stealth.
   Companions: Summonings and Necromancy.
 o - a ring of fire
 w - the cursed ring "Overhang to Understand" (right hand) {Dex+6, Range, Evo}
   (You found it on level 4 of the Dungeon)

   [ring of dexterity]

   Dex:       It affects your dexterity (+6).
   It has a curse which improves the following skills: Ranged Combat: Ranged
   Weapons and Throwing.
   Evocations: Evocations.
 F - a +5 ring of evasion
Wands
 a - a wand of flame (23)
 d - a wand of roots (12)
 j - a wand of mindburst (12)
 m - a wand of charming (2)
 H - a wand of polymorph (13)
Scrolls
 e - a scroll of enchant armour
 v - 4 scrolls of fear
 x - 4 scrolls of identify
 y - a scroll of silence
 E - a scroll of fog
 G - a scroll of amnesia
 I - 2 scrolls of teleportation
 J - a scroll of blinking
Potions
 c - a potion of lignification
 g - 11 potions of curing
 i - a potion of cancellation
 l - a potion of ambrosia
 p - 2 potions of degeneration
 u - 7 potions of enlightenment
 C - a potion of brilliance


   Skills:
 * Level 5.0(6.8) Fighting
 + Level 6.8(7.4) Short Blades
 + Level 4.3(6.2) Long Blades
 * Level 2.9 Armour
 + Level 8.7(13.0) Dodging
 + Level 7.4(11.8) Stealth
 + Level 1.8(3.2) Spellcasting
 + Level 2.8(4.4) Hexes
 + Level 1.0 Invocations


You had 14 spell levels left.
You knew the following spells:

 Your Spells              Type           Power      Damage    Failure   Level
a - Slow                  Hex            56%        N/A       3%          1

Your spell library contained the following spells:

 Spells                   Type           Power      Damage    Failure   Level
 Confusing Touch          Hex            14%        N/A       11%         3
 Tukima's Dance           Hex            14%        N/A       11%         3
 Cause Fear               Hex            7%         N/A       34%         4
 Ozocubu's Armour         Ice            2%         N/A       50%         3
 Vampiric Draining        Necr           2%         2d6       50%         3
 Anguish                  Hex/Necr       3%         N/A       67%         4
 Metabolic Englaciation   Hex/Ice        3%         N/A       95%         5
 Simulacrum               Ice/Necr       0%         N/A       100%        6
 Enfeeble                 Hex            7%         N/A       100%        7


Dungeon Overview and Level Annotations

Branches:
Dungeon (8/15)             Temple (0/1) D:7           Sewer (visited)
   Lair: D:8-11

Altars:
Ashenzari
Dithmenos
Elyvilon
Gozag
Hepliaklqana
Ru
Trog
Vehumet
Wu Jian
Yredelemnul

Shops:
D:1 [!   D:2 =*   D:4 [[((


Innate Abilities, Weirdness & Mutations

You sometimes lose the ability to read scrolls when taking damage.
You expend magic power (3 MP) to strengthen your wands.
You passively dampen the noise of your surroundings.


Message History

The ice devil hits you. The ice devil freezes you!!
* * * LOW HITPOINT WARNING * * *
The white imp laughs crazily.
You feel much better. The hellwing closely misses you. The hellwing hits you.
The kobold misses you.
The kobold demonologist closely misses you.
The white imp barely misses you. The ice devil closely misses you.
You cannot read scrolls in your current state!
You hit the kobold.
You kill the kobold!
The hellwing completely misses you. The hellwing closely misses you.
The kobold demonologist closely misses you.
The kobold throws a stone.
The stone barely misses you.
The stone hits the kobold demonologist.
The ice devil attacks as you move away! The ice devil hits you.
The ice devil freezes you!!
* * * LOW HITPOINT WARNING * * *
The white imp gestures at you. The puff of frost hits you!
* * * LOW HITPOINT WARNING * * *
The hellwing barely misses you.
The hellwing hits you but does no damage.
The kobold barely misses you.
Things that are here:
a +0 club; a kobold corpse You feel yourself speed up.
The ice devil barely misses you. The white imp completely misses you.
The hellwing completely misses you. The hellwing misses you.
The kobold barely misses you. The ice devil completely misses you.
The white imp hits you but does no damage.
The hellwing swoops through the air toward you!
The hellwing misses you. The hellwing hits you.
* * * LOW HITPOINT WARNING * * *
You closely miss the hellwing. The kobold barely misses you.
The kobold demonologist begins to cast a cantrip, but forgets the words!
The howler monkey howls!
You hit the hellwing but do no damage. You hit the hellwing but do no damage.
The white imp misses you. The hellwing hits you.
You die...

....# ########### .#..# ,
.#..#####....#....###....# ,
, .##.......).).)....#...#.#
...............#...$.# ..# *,
.)#....>............$#..# * ,
*
#..............#...#.#..###.
*
##............4#........#...,
##..........5K.4K...##...##,*
##..#.......#5@....# ....., ,
, ##.#.#.......4....##..... ,
####)..#.....#.............*
,,
#..)))...##...#............*
,
######.#.#.................*,
, #.....#...............
###...###...h..#......, , , *
*##......#.##........, ,, **
....#......##..###.., ,


You could see a hellwing (summoned), 2 ice devils, a kobold demonologist
(extremely poisoned), a howler monkey, 2 white imps and a kobold.

Vanquished Creatures
  The ghost of SecretSquirrel the Skirmisher, a novice DsHu (D:7)
  Prince Ribbit (D:6)
  A hornet (D:7)
  A vampire (D:7)
  Sigmund (D:2)
  The ghost of bakla the Covered, an amateur MeFi of Okawaru (D:4)
  A steam dragon (D:7)
  2 orc warriors
  2 water moccasins
  2 ice beasts
  A sky beast (D:7)
  3 black bears
  An ogre (D:6)
  4 centaurs
  A phantom (D:5)
  A kobold brigand (D:8)
  2 scorpions (D:6)
  3 bullfrogs
  2 water moccasin zombies (D:5)
  2 howler monkeys (D:7)
  A crimson imp (D:7)
  2 bullfrog zombies (D:5)
  3 quasits (D:4)
  3 hounds
  2 jellies
  3 orc priests
  A sleepcap (D:5)
  Ijyb (D:4)
  3 iguanas
  A scorpion zombie (D:5)
  6 orc wizards
  10 adders
  5 river rats
  4 white imps (D:7)
  2 ufetubi (D:6)
  3 worms
  A dart slug (D:1)
  28 orcs
  8 bats
  8 endoplasms
  3 giant cockroaches
  5 goblins
  8 hobgoblins
  2 jackals (Sewer)
  9 kobolds
  4 quokkas
  13 ball pythons
  6 frilled lizards
  5 rats
183 creatures vanquished.

Vanquished Creatures (others)
  An orc (D:7)
1 creature vanquished.

Grand Total: 184 creatures vanquished

Notes
Turn   | Place    | Note
-------+----------+-------------------------------------------
     0 | D:1      | Sans23 the Human Wanderer began the quest for the Orb.
     0 | D:1      | Sans23 set off with the following items: a +0 long sword, a
                  | +0 pair of gloves, a potion of lignification, a +0 robe;
                  | and the following spell memorised: Slow; and the following
                  | spells available to memorise: Tukima's Dance.
     0 | D:1      | Reached XP level 1. HP: 13/13 MP: 2/2
   137 | D:1      | Reached XP level 2. HP: 14/19 MP: 0/3
   227 | D:1      | Found Qeriaps's Antique Armour Emporium.
   506 | D:1      | Reached XP level 3. HP: 20/24 MP: 4/4
   777 | D:1      | Found Alair's Distillery.
  1317 | D:2      | Found Ocreh's General Store.
  1354 | D:2      | Found Soczy's One-of-a-Kind Rings.
  1637 | D:2      | Reached XP level 4. HP: 26/30 MP: 5/5
  1715 | D:2      | Found a faded altar of an unknown god.
  1734 | D:2      | Prayed at the altar of an unknown god.
  1734 | D:2      | Became a worshipper of Ashenzari the Shackled
  1761 | D:2      | Noticed Sigmund
  1776 | D:2      | Killed Sigmund
  1777 | D:2      | Reached skill level 1 in Fighting
  1777 | D:2      | Reached skill level 1 in Short Blades
  1777 | D:2      | Reached XP level 5. HP: 24/37 MP: 5/7
  1777 | D:2      | Reached XP level 6. HP: 28/43 MP: 5/8
  2052 | D:3      | Found a white marble altar of Elyvilon.
  2310 | D:3      | Reached skill level 3 in Dodging
  2515 | D:3      | Gained mutation: You occasionally lose the ability to read
                  | scrolls when taking damage. [potion of mutation]
  2515 | D:3      | Gained mutation: You sometimes lose the ability to read
                  | scrolls when taking damage. [potion of mutation]
  2515 | D:3      | Gained mutation: You have hidden genetic potential. [potion
                  | of mutation]
  2691 | D:3      | Reached * piety under Ashenzari
  2923 | D:4      | Found Zacs's Antique Weapon Shoppe.
  2936 | D:4      | Noticed Ijyb
  2954 | D:4      | Killed Ijyb
  3021 | D:4      | Noticed a water moccasin
  3027 | D:4      | Killed a water moccasin
  3028 | D:4      | Reached skill level 1 in Stealth
  3028 | D:4      | Reached XP level 7. HP: 50/50 MP: 9/9
  3034 | D:4      | Found Uroupp's Weapon Shoppe.
  3070 | D:4      | Gained mutation: You expend magic power (3 MP) to
                  | strengthen your wands. [hidden potential]
  3179 | D:4      | Identified the +5 robe "Woini" {SInv}
  3285 | D:4      | Found Feelol's Antique Armour Boutique.
  3315 | D:4      | Found Uvalepy's Antique Armour Boutique.
  3523 | D:4      | Found a transporter.
  3527 | D:4      | Noticed bakla's ghost (amateur MeFi)
  3535 | D:4      | Reached ** piety under Ashenzari
  3550 | D:4      | Found a transporter.
  3585 | D:4      | Reached skill level 4 in Dodging
  3602 | D:4      | Killed bakla's ghost
  3603 | D:4      | Reached XP level 8. HP: 53/57 MP: 10/10
  3717 | D:5      | Entered Level 5 of the Dungeon
  3768 | D:5      | Gained mutation: You passively dampen the noise of your
                  | surroundings. [hidden potential]
  3768 | D:5      | Lost mutation: You have hidden genetic potential. [hidden
                  | potential expressed]
  3781 | D:5      | Found a basalt altar of Yredelemnul.
  3789 | D:5      | Reached skill level 5 in Dodging
  3881 | D:5      | Found an ornate altar of the Wu Jian Council.
  3881 | D:5      | Found a bloodstained altar of Trog.
  3914 | D:5      | Found an opulent altar of Gozag.
  4053 | D:5      | Found a radiant altar of Vehumet.
  4310 | D:5      | Found a sacrificial altar of Ru.
  4529 | D:6      | Found a shadowy altar of Dithmenos.
  4529 | D:6      | Noticed a shadow
  4534 | D:6      | Found a hazy altar of Hepliaklqana.
  4636 | D:6      | Found a glowing drain.
  4641 | Sewer    | Entered a sewer
  4795 | Sewer    | Reached *** piety under Ashenzari
  5331 | D:6      | Reached XP level 9. HP: 63/63 MP: 11/11
  5360 | D:6      | Reached skill level 6 in Dodging
  5360 | D:6      | Reached skill level 5 in Stealth
  5535 | D:6      | Reached skill level 5 in Short Blades
  5686 | D:6      | Reached skill level 7 in Dodging
  5740 | D:6      | Reached **** piety under Ashenzari
  6111 | D:6      | Noticed Prince Ribbit
  6118 | D:6      | Killed Prince Ribbit
  6162 | D:7      | Found a staircase to the Ecumenical Temple.
  6199 | D:7      | Noticed a hornet
  6208 | D:7      | Killed a hornet
  6209 | D:7      | Reached XP level 10. HP: 66/74 MP: 14/14
  6481 | D:7      | Found a transporter.
  6484 | D:7      | Noticed SecretSquirrel's ghost (novice DsHu)
  6504 | D:7      | Found a transporter.
  6630 | D:7      | Killed SecretSquirrel's ghost
  6631 | D:7      | Reached skill level 8 in Dodging
  7344 | D:7      | Found a broken altar of Ashenzari.
  7433 | D:7      | Reached skill level 5 in Fighting
  7641 | D:8      | Noticed a kobold demonologist
  7651 | D:8      | Noticed an ice devil
  7664 | D:8      | Noticed an ice devil
  7673 | D:8      | HP: 2/77 [hellwing[a kobold demonologist] (6)]
  7676 | D:8      | Slain by a hellwing

Illustrated notes

Levels and vault maps discovered:
D:1:      dpeg_arrival_rhombus, layout_basic, serial_shops,
          nicolae_shop_rolling_square, nicolae_shop_peninsula, dk_noncrumbling_4
D:2:      layout_rooms, chequers_ecumenical_altar_simple, serial_shops, shop,
          minivault_25, nicolae_shop_unique_rings, uniq_sigmund
D:3:      layout_basic, lemuel_doored_altar
D:4:      layout_basic, serial_shops, nicolae_square_shop, kennysheep_mini,
          nicolae_shop_tiny_statue_garden, shop, nicolae_stop_n_shop_1,
          gammafunk_ghost_stat_death, uniq_ijyb
D:5:      layout_gridville, kennysheep_mini_moat, lemuel_tele_altar,
          nicolae_yredelemnul_corpse_copse, gammafunk_temple_overflow_pools,
          mainiacjoe_overflow_boulevard, hangedman_decor_peaks_small
D:6:      layout_basic, riverfiend_overflow_shadow_ancestor,
          gup_sewer_entry_bowl, nrook_uturn, uniq_prince_ribbit1
D:7:      layout_rooms, nicolae_ashenzari_skybound, minmay_temple_entry_waves,
          gammafunk_ghost_arena, minmay_fire_ice_demons
D:8:      layout_rooms, amcnicky_altar_gilded, fedhas_bush_and_centaur_altar,
          hangedman_glass_teeth, nicolae_elevator_lobby_asterisk

Skill      XL: |  1  2  3  4  5  6  7  8  9 10 |
---------------+-------------------------------+-----
Long Blades    | 4 |  4.3
Fighting       | 1 2 3 5 |  5.0
Short Blades   | 1 2 3 4 6 |  6.8
Dodging        | 3 4 5 7 8 |  8.7
Stealth        | 1 2 4 7 |  7.4
Armour         | 2 |  2.9
Spellcasting   | |  1.8
Hexes          | |  2.8
Invocations    | |  1.0

Action                     |  1- 3 |  4- 6 |  7- 9 | 10-12 || total
---------------------------+-------+-------+-------+-------++-------
  Melee: Dagger            |    75 |    89 |   450 |   212 ||   826
         Long sword        |     3 |       |       |       ||     3
         Punch             |       |       |     8 |     4 ||    12
         Short sword       |       |       |       |   100 ||   100
   Cast: Slow              |     6 |       |       |     1 ||     7
 Invoke: Curse Item        |       |     2 |     4 |     1 ||     7
         Shatter the Chain |       |       |       |     1 ||     1
    Use: Scroll            |     4 |     6 |     1 |     2 ||    13
         Potion            |       |     1 |     1 |     5 ||     7
   Stab: Sleeping          |       |     1 |    20 |     2 ||    23
         Invisible         |       |       |     9 |     1 ||    10
 Armour: Robe              |    18 |    21 |   182 |   140 ||   361
         Scale mail        |       |     3 |    18 |       ||    21
  Dodge: Dodged            |    46 |    49 |   549 |   414 ||  1058

Table legend: (Time is in decaauts)
 A = Elapsed time spent in this place.
 B = Non-inter-level travel time spent in this place.
 C = Inter-level travel time spent in this place.
 D = Time resting spent in this place.
 E = Time spent auto-exploring this place.
 F = Levels seen in this place.
 G = Mean time per level.
                   A        B        C        D        E       F      G
               +--------+--------+--------+--------+--------+-----+--------+
         Total |   7587 |   6646 |    941 |    819 |      0 |   9 |  843.0 |
       Dungeon |   6805 |   5864 |    941 |    719 |      0 |   8 |  850.6 |
         Sewer |    782 |    782 |      0 |    100 |      0 |   1 |  782.0 |
               +--------+--------+--------+--------+--------+-----+--------+

Top non-repeatable levels by time:
     D:1: 1312 daAuts
     D:7: 1270 daAuts
     D:6: 965 daAuts
     D:3: 891 daAuts
   Sewer: 782 daAuts
     D:4: 768 daAuts
     D:5: 760 daAuts
     D:2: 699 daAuts
     D:8: 138 daAuts
